 Dungeon Crawl Stone Soup version 0.21-a0-509-gecc5317 (webtiles) character file.

168 BingusPrime the Insei (level 5, -7/33 HPs)
             Began as an Octopode Transmuter on Nov 29, 2017.
             Mangled by Raine357's ghost (9 damage)
             ... on level 4 of the Dungeon.
             The game lasted 00:13:12 (2528 turns).

BingusPrime the Insei (Octopode Transmuter)         Turns: 2528, Time: 00:13:12

Health: -7/33      AC:  1    Str: 14    XL:     5   Next: 48%
Magic:  8/8        EV: 14    Int: 16    God:
Gold:   101        SH:  0    Dex: 13    Spells: 5/9 levels left

rFire    . . .     SeeInvis .   g - +0 dagger
rCold    . . .     Gourm    .   (no shield)
rNeg     . . .     Faith    .   (helmet restricted)
rPois    .         Spirit   .   r - amulet of rage
rElec    .         Reflect  .   h - ring of resist corrosion
rCorr    +         Harm     .   (no ring)
MR       .....                  (no ring)
Stlth    +++.......             (no ring)
HPRegen  0.11/turn              (no ring)
MPRegen  0.11/turn              (no ring)
                                (no ring)
                                (no ring)

@: mighty, lethally poisoned (-7 -> -12)
A: almost no armour, stealthy swim, amphibious, 8 rings, constrict 8, camouflage
1, gelatinous body 1
a: Evoke Berserk Rage


You were on level 4 of the Dungeon.
You were hungry.

You visited 1 branch of the dungeon, and saw 4 of its levels.

You collected 101 gold pieces.

Inventory:

Hand Weapons
 g - a +0 dagger (weapon)
Missiles
 a - 12 arrows
Jewellery
 h - a ring of resist corrosion (left tentacle)
 r - an amulet of rage (around mantle)
Scrolls
 d - 3 scrolls of identify
 m - a scroll of enchant armour {unknown}
 o - a scroll of noise {unknown}
 p - 2 scrolls of enchant weapon {unknown}
 q - 3 scrolls of remove curse {unknown}
 s - a scroll of amnesia {unknown}
 t - a scroll of blinking {unknown}
 u - 2 scrolls of teleportation {unknown}
Potions
 i - a potion of magic {unknown}
 j - 2 potions of curing {unknown}
 k - a potion of haste {unknown}
 n - a potion of lignification {unknown}
 w - a potion of cancellation {unknown}
Books
 b - a book of Changes

   Spells                             Type                      Level
   a - Beastly Appendage              Transmutation                1
   b - Sticks to Snakes               Transmutation                2
   c - Spider Form                    Transmutation/Poison         3
   d - Ice Form                       Ice/Transmutation            4
   e - Blade Hands                    Transmutation                5
Comestibles
 c - 2 bread rations
 f - 2 meat rations
 l - a royal jelly
 v - a fruit


   Skills:
 + Level 1.1 Fighting
 * Level 1.0 Short Blades
 * Level 2.5 Dodging
 * Level 3.2 Stealth
 * Level 4.1 Unarmed Combat
 * Level 2.6 Spellcasting
 * Level 2.5 Transmutations
 * Level 0.4 Poison Magic
 + Level 0.1 Evocations


You had 5 spell levels left.
You knew the following spells:

 Your Spells              Type           Power        Failure   Level  Hunger
a - Beastly Appendage     Tmut           ##....       7%          1    #......
b - Spider Form           Tmut/Pois      #.........   30%         3    ###....


Dungeon Overview and Level Annotations

Branches:
Dungeon (4/15)
 Temple: D:4-7

Altars:

Annotations:
D:3 Dawnplanks's ghost, amateur GrEE
D:4 Menkaure; Raine357's ghost, amateur CeCK


Innate Abilities, Weirdness & Mutations

You cannot wear most types of armour.
You are very stealthy in the water. (Stealth+)
You are amphibious.
You can wear up to eight rings at the same time.
You can use your tentacles to constrict eight enemies at once.
Your skin changes colour to match your surroundings (Stealth+).
Your rubbery body absorbs attacks. (AC +1, EV +1)


Message History

Level annotation: Raine357's ghost, amateur CeCK Raine357's ghost hits you.
You are poisoned.
Raine357's ghost barely misses you.
There is a stone staircase leading up here.
You feel sick.
You see here a spear.
Menkaure, Prince of Dust comes into view.
You feel sick.
Found a leather armour.
Raine357's ghost hits you!
* * * LOW HITPOINT WARNING * * *
Raine357's ghost burns you.
* * * LOW HITPOINT WARNING * * *
* * * LOW HITPOINT WARNING * * *
You feel sick.
It was a potion of might.
You feel very mighty all of a sudden. Raine357's ghost hits you!
You die...

.#.......#......
#######.#####..
#.# . #.## ..# ###
#####.#
.....###.....####
%.......[........
........@.##.....
....####W....M..
#####.###...).....
#......)#)###.)...
#[..<...<.# ####
#........##
#........#
#............#
....!..########...


You could see Menkaure and Raine357's ghost.

Vanquished Creatures
  2 worker ants
  4 gnolls
  4 adders
  2 leopard geckos
  4 giant cockroaches
  7 goblins
  4 hobgoblins
  4 jackals (D:3)
  4 kobolds
  3 ball pythons
  2 frilled lizards (D:1)
  3 rats (D:2)
43 creatures vanquished.

Notes
Turn   | Place    | Note
-------+----------+-------------------------------------------
     0 | D:1      | BingusPrime the Octopode Transmuter began the quest for the Orb.
     0 | D:1      | Reached XP level 1. HP: 13/13 MP: 3/3
   570 | D:1      | Reached XP level 2. HP: 14/18 MP: 3/5
   967 | D:2      | Reached skill level 1 in Stealth
  1061 | D:2      | Reached XP level 3. HP: 5/23 MP: 3/6
  1066 | D:2      | Learned a level 3 spell: Spider Form
  1771 | D:2      | Reached XP level 4. HP: 28/28 MP: 5/7
  1856 | D:3      | Reached skill level 4 in Unarmed Combat
  1984 | D:3      | Found a faded altar of an unknown god.
  2138 | D:4      | Noticed Raine357's ghost (amateur CeCK)
  2159 | D:3      | Reached XP level 5. HP: 3/33 MP: 5/8
  2180 | D:3      | Noticed Dawnplanks's ghost (amateur GrEE)
  2191 | D:4      | HP: 1/33 [worker ant (4)]
  2466 | D:3      | Reached skill level 1 in Short Blades
  2525 | D:4      | Noticed Menkaure
  2528 | D:4      | Mangled by Raine357's ghost

Vault maps used:
D:1:      dpeg_arrival_pits, minmay_misc_feat_diagonals
D:2:      kennysheep_generic_room_16
D:3:      chequers_ecumenical_altar_simple, first_bread, grunt_gozag_breadcrumbs
D:4:      minmay_temple_entry_statues, cheibrodos_sewer_entry_drain,
          uniq_menkaure, uniq_crazy_yiuf_cottage

Skill      XL: |  1  2  3  4  5 |
---------------+----------------+-----
Stealth        | 1 2 3 |  3.2
Unarmed Combat | 4 |  4.1
Short Blades   | 1 |  1.0
Fighting       | |  1.1
Dodging        | |  2.5
Spellcasting   | |  2.6
Transmutations | |  2.5
Poison Magic   | |  0.4
Evocations     | |  0.1

Action                   |  1- 3 |  4- 6 || total
-------------------------+-------+-------++-------
Melee: Dagger            |    32 |     8 ||    40
       Constrict         |    14 |     5 ||    19
       Kick              |    12 |     2 ||    14
       Tentacles         |     4 |     2 ||     6
       Punch             |     1 |       ||     1
       Unarmed           |    17 |    27 ||    44
 Cast: Beastly Appendage |    17 |     3 ||    20
       Spider Form       |     3 |     6 ||     9
 Abil: Evoke Berserk Rag |       |     1 ||     1
  Use: Scroll            |       |     1 ||     1
       Potion            |       |     1 ||     1
 Stab: Sleeping          |     5 |       ||     5
  Eat: Chunk             |     2 |     5 ||     7
Armor: Skin              |     1 |       ||     1
Dodge: Dodged            |    35 |    45 ||    80

Table legend:
 A = Spawn XP
 B = Non-spawn XP
 C = Spawn XP percentage of total XP
 D = Spawn monster count
 E = Non-spawn monster count
 F = Spawn count percentage of total count
 G = Total turns spent on level
                    A         B        C        D         E        F      G
               +---------+---------+-------+---------+---------+-------+---------
         Total |       0 |     240 |   0.0 |       0 |      43 |   0.0 |  2528
               +---------+---------+-------+---------+---------+-------+---------
           D:1 |       0 |      11 |   0.0 |       0 |       7 |   0.0 |   835
           D:2 |       0 |      71 |   0.0 |       0 |      20 |   0.0 |   997
           D:3 |       0 |      96 |   0.0 |       0 |      13 |   0.0 |   374
           D:4 |       0 |      62 |   0.0 |       0 |       3 |   0.0 |   322
               +---------+---------+-------+---------+---------+-------+---------
